 Dungeon Crawl Stone Soup version 0.28-a0-1312-g71652a0310 (webtiles) character file.

Game seed: 450863635239411492

3666 of5 the Cleaver (level 9, -2/71 HPs)
             Began as a Demonspawn Fighter on Dec 27, 2021.
             Was a High Priest of Trog.
             Killed from afar by a white imp (8 damage)
             ... with a puff of frost
             ... on level 8 of the Dungeon.
             The game lasted 00:12:36 (5560 turns).

of5 the Cleaver (Demonspawn Fighter)                Turns: 5560, Time: 00:12:36

Health: -2/71      AC: 14    Str: 20    XL:     9   Next: 89%
Magic:  9/9        EV:  7    Int: 10    God:    Trog [*****.]
Gold:   482        SH:  5    Dex: 15    Spells: 8/8 levels left

rFire   . . .      SeeInvis .   G - +5 scimitar (flame)
rCold   . . .      Faith    .   c - +0 buckler
rNeg    . . .      Spirit   .   r - +0 plate armour
rPois   .          Reflect  .   (no helmet)
rElec   .          Harm     .   D - scarf {repulsion}
rCorr   .          Rampage  .   (no gloves)
Will    .....                   s - +0 pair of boots
Stlth   ..........              g - amulet of regeneration
HPRegen 1.01/turn               (no ring)
MPRegen 0.11/turn               (no ring)

@: lethally poisoned (-2 -> -2), repel missiles
A: thin skeletal structure 1, foul stench 1, demonic magic 1, weakness stinger 1
a: Renounce Religion, Berserk, Trog's Hand, Brothers in Arms


You were on level 8 of the Dungeon.
You worshipped Trog.
Trog was extremely pleased with you.
You visited 1 branch of the dungeon, and saw 8 of its levels.
You also visited: Ossuary.

You collected 482 gold pieces.

Inventory:

Hand Weapons
 a - a +0 war axe
 G - a +5 scimitar of flaming (weapon)
Missiles
 q - 2 throwing nets (quivered)
Armour
 c - a +0 buckler (worn)
 r - a +0 plate armour (worn)
 s - a +0 pair of boots (worn)
 D - a scarf of repulsion (worn)
Jewellery
 g - an amulet of regeneration (around neck)
 t - an amulet of guardian spirit
 x - a ring of ice
Wands
 n - a wand of iceblast (13)
 w - a wand of polymorph (10)
 y - a wand of charming (9)
 I - a wand of flame (15)
Scrolls
 b - 2 scrolls of magic mapping {unknown}
 e - 4 scrolls of teleportation {unknown}
 f - 2 scrolls of enchant armour {unknown}
 h - 2 scrolls of amnesia {unknown}
 j - a scroll of blinking {unknown}
 k - 5 scrolls of identify {unknown}
 m - a scroll of brand weapon {unknown}
 u - 2 scrolls of enchant weapon {unknown}
 B - a scroll of fog {unknown}
 C - 2 scrolls of acquirement {unknown}
Potions
 d - 2 potions of might
 i - 2 potions of haste {unknown}
 l - a potion of berserk rage {unknown}
 o - 3 potions of curing
 p - 2 potions of magic {unknown}
 v - 4 potions of mutation {unknown}
 z - 2 potions of flight {unknown}
 A - a potion of resistance {unknown}
 E - 2 potions of brilliance {unknown}
 F - 3 potions of heal wounds {unknown}
 H - a potion of attraction {unknown}


   Skills:
 + Level 6.9 Fighting
 + Level 2.5 Long Blades
 + Level 9.2 Axes
 + Level 6.3 Armour
 + Level 1.8 Dodging
 + Level 4.3 Shields


You had 8 spell levels left.
You didn't know any spells.
Your spell library was empty.

Dungeon Overview and Level Annotations

Branches:
Dungeon (8/15)             Temple (0/1) D:4         Ossuary (visited)
   Lair: D:8-11

Altars:
Elyvilon
Trog


Innate Abilities, Weirdness & Mutations

You have a somewhat thin skeletal structure. (Dex +2, Stealth+)
You may rarely emit foul miasma when damaged in melee.
Spells you cast may paralyse adjacent enemies.
You have a small tail.


Message History

You block the orc wizard's attack.
The killer bee stings you but does no damage.
The white imp hits you but does no damage.
You hear some strange, mumbled words.
Something tries to affect you, but you resist.
You miss the killer bee.
The killer bee is almost dead.
An orc wizard appears from thin air!
Reactivating autopickup.
The killer bee stings you but does no damage.
The killer bee stings you.
The orc wizard gestures at you while chanting.
You are confused.
The white imp barely misses you.
The orc wizard hits you but does no damage.
The killer bee stings you. The orc wizard casts a spell at you.
The magic dart hits you.
* * * LOW HITPOINT WARNING * * *
You feel better. The killer bee barely misses you.
The orc wizard casts a spell.
The orc wizard flickers and vanishes!
Deactivating autopickup; reactivate with Ctrl-A.
The white imp barely misses you. The killer bee stings you.
You are poisoned.
The killer bee poisons you!
The orc wizard hits you with a +0 dagger.
* * * LOW HITPOINT WARNING * * *
You slash the killer bee! You burn the killer bee.
You kill the killer bee!
Trog accepts your kill.
You feel sick. Something completely misses you.
The white imp laughs crazily.
The white imp gestures at you. The puff of frost hits you!
* * * LOW HITPOINT WARNING * * *
The orc wizard hits you but does no damage.
The white imp gestures at you. The puff of frost hits you!
You die...

.................................
.................................
.................................
................................
................................
................................
.........>.....................
......................
...(.......{@........
...........o5.......
..........†...###.
.....###†###...... .... ....
.#.... ... #...! .##... ..
....... .# ..#.>... ...#.....#


You could see an orc wizard and a white imp.

Vanquished Creatures
  Harold (D:7)
  An unseen horror (D:7)
  Sigmund (D:6)
  A steam dragon (D:8)
  A water moccasin (D:7)
  2 ice beasts
  A sky beast (D:8)
  A centaur (D:7)
  3 ogres
  A phantom (D:5)
  A kobold brigand (D:7)
  An elf zombie (Ossuary)
  A bullfrog (D:7)
  5 scorpions
  A water moccasin skeleton (D:5)
  6 killer bees (D:8)
  A howler monkey (D:3)
  2 bullfrog zombies (D:5)
  4 centaur zombies
  2 human zombies (Ossuary)
  A centaur skeleton (D:4)
  A hound (D:5)
  A jelly (D:6)
  3 orc priests
  2 iguanas
  Ijyb (D:4)
  5 orc wizards
  3 mummies
  3 adders
  3 gnolls (D:5)
  A shadow imp (D:6)
  2 white imps
  2 ufetubi
  An adder skeleton (D:4)
  3 adder zombies
  4 worms
  2 dart slugs (D:2)
  22 orcs
  5 ball pythons
  5 endoplasms
  5 giant cockroaches
  3 goblins
  6 hobgoblins
  2 jackals (D:4)
  2 quokkas
  6 bats
  3 frilled lizards
  A goblin zombie (Ossuary)
  9 hobgoblin zombies (Ossuary)
  12 kobolds
  12 kobold zombies (Ossuary)
  4 orc zombies (Ossuary)
  14 rats
  3 rat zombies (Ossuary)
189 creatures vanquished.

Notes
Turn   | Place    | Note
-------+----------+-------------------------------------------
     0 | D:1      | of5 the Demonspawn Fighter began the quest for the Orb.
     0 | D:1      | Reached XP level 1. HP: 18/18 MP: 1/1
   223 | D:1      | Reached skill level 2 in Axes
   227 | D:1      | Gained mutation: You have a small tail. [demonic ancestry]
   227 | D:1      | Reached XP level 2. HP: 15/24 MP: 2/2
   338 | D:1      | Found a faded altar of an unknown god.
   376 | D:1      | Prayed at the altar of an unknown god.
   376 | D:1      | Became a worshipper of Trog the Wrathful
   376 | D:1      | Reached * piety under Trog
   580 | D:1      | Reached XP level 3. HP: 29/29 MP: 3/3
   644 | D:1      | Reached ** piety under Trog
  1256 | D:2      | Reached skill level 3 in Axes
  1384 | D:2      | You fall into a shaft and drop 2 floors!
  1384 | D:4      | Noticed Ijyb
  1391 | D:4      | Reached XP level 4. HP: 30/35 MP: 4/4
  1405 | D:4      | Killed Ijyb
  1420 | D:4      | Found a staircase to the Ecumenical Temple.
  1427 | D:4      | Noticed a scorpion
  1441 | D:4      | Killed a scorpion
  1442 | D:4      | Gained mutation: Spells you cast may paralyse adjacent
                  | enemies. [demonic ancestry]
  1442 | D:4      | Reached XP level 5. HP: 12/41 MP: 5/5
  1993 | D:3      | Reached skill level 4 in Axes
  2149 | D:3      | Reached XP level 6. HP: 33/48 MP: 6/6
  2303 | D:3      | Reached *** piety under Trog
  2512 | D:4      | Reached skill level 1 in Dodging
  2754 | D:5      | Entered Level 5 of the Dungeon
  2893 | D:5      | Reached skill level 5 in Axes
  2893 | D:5      | Gained mutation: You may rarely emit foul miasma when
                  | damaged in melee. [demonic ancestry]
  2893 | D:5      | Reached XP level 7. HP: 19/54 MP: 7/7
  3598 | D:6      | Reached skill level 6 in Axes
  3706 | D:6      | Reached XP level 8. HP: 61/61 MP: 8/8
  3882 | D:6      | Noticed Sigmund
  3889 | D:6      | Killed Sigmund
  3890 | D:6      | Reached skill level 5 in Fighting
  3890 | D:6      | Reached skill level 5 in Armour
  3997 | D:6      | HP: 3/62 [ogre (13)]
  3998 | D:6      | Reached **** piety under Trog
  4373 | D:7      | Reached skill level 7 in Axes
  4393 | D:7      | Found a sand-covered staircase.
  4406 | Ossuary  | Entered an ossuary
  4711 | D:7      | Reached skill level 8 in Axes
  4711 | D:7      | Gained mutation: You have a somewhat thin skeletal
                  | structure. (Dex +2, Stealth+) [demonic ancestry]
  4711 | D:7      | Reached XP level 9. HP: 50/69 MP: 9/9
  4767 | D:7      | Noticed Harold
  4776 | D:7      | HP: 1/69 [Harold (4)]
  4778 | D:7      | Killed Harold
  5095 | D:7      | Killed an unseen horror
  5096 | D:7      | Reached skill level 1 in Long Blades
  5096 | D:7      | Reached skill level 9 in Axes
  5543 | D:8      | Reached ***** piety under Trog
  5560 | D:8      | Killed from afar by a white imp

Illustrated notes

Levels and vault maps discovered:
D:1:      dpeg_arrival_ratfight, layout_loops_cross,
          ebering_ecumenical_altar_abandoned
D:2:      layout_basic
D:3:      layout_basic
D:4:      layout_cave_pools, minmay_temple_entry_junction, uniq_ijyb
D:5:      layout_rooms
D:6:      layout_loops_ring, uniq_sigmund
D:7:      layout_basic, elyvilon_altar_1, gup_ossuary_entry_pyramid,
          serial_glass, glass_columns_b, glass_columns_b, uniq_harold
D:8:      layout_layer_cave, st_stairs_3, nicolae_concentric_dashed_squares_wild

Skill      XL: |  1  2  3  4  5  6  7  8  9 |
---------------+----------------------------+-----
Axes           | 2 3 4 5 6 8 9 |  9.2
Shields        | 3 4 |  4.3
Armour         | 3 4 5 6 |  6.3
Dodging        | 1 |  1.8
Fighting       | 4 5 6 |  6.9
Long Blades    | 2 |  2.5

Action                   |  1- 3 |  4- 6 |  7- 9 || total
-------------------------+-------+-------+-------++-------
Melee: War axe           |   130 |   145 |   286 ||   561
       Tailslap          |    10 |    21 |    54 ||    85
       Scimitar          |       |       |    52 ||    52
  Use: Potion            |       |     1 |     4 ||     5
Armor: Scale mail        |    72 |    39 |       ||   111
       Plate armour      |       |    51 |   322 ||   373
Dodge: Dodged            |    50 |    48 |    94 ||   192
       Repelled          |       |       |     1 ||     1
Block: Buckler           |    42 |    20 |   105 ||   167

Table legend: (Time is in decaauts)
 A = Elapsed time spent in this place.
 B = Non-inter-level travel time spent in this place.
 C = Inter-level travel time spent in this place.
 D = Time resting spent in this place.
 E = Time spent auto-exploring this place.
 F = Levels seen in this place.
 G = Mean time per level.
                   A        B        C        D        E       F      G
               +--------+--------+--------+--------+--------+-----+--------+
         Total |   5729 |   5610 |    119 |      0 |   3962 |   9 |  636.6 |
       Dungeon |   5458 |   5339 |    119 |      0 |   3880 |   8 |  682.2 |
       Ossuary |    271 |    271 |      0 |      0 |     82 |   1 |  271.0 |
               +--------+--------+--------+--------+--------+-----+--------+

Top non-repeatable levels by time:
     D:1: 1000 daAuts
     D:7: 882 daAuts
     D:6: 829 daAuts
     D:2: 724 daAuts
     D:5: 718 daAuts
     D:4: 626 daAuts
     D:3: 557 daAuts
 Ossuary: 271 daAuts
     D:8: 119 daAuts
